Map: Para Site LE

Players

RadioRek

  • Race: Zerg Zerg
  • Spawn Location: 11:00

smeagal - Winner!

  • Race: Protoss Protoss
  • Spawn Location: 5:00

VOD

Have the link to the VOD?

Description

Time

  • Played on: Aug. 19, 2018, 12:34 p.m.
  • Length: 14:46
Show
View Real Time Build Order
Export as new Build Order

RadioRek Zerg 

Build Orders: 3 Hatch before Pool 

Get SALT Encoding   

  12  0:07  Drone  
  13  0:15  Overlord  
  13  0:21  Drone  
  14  0:34  Drone x2  
  16  0:44  Drone  
  17  0:54  Hatchery  
  17  0:56  Drone  
  17  1:02  Drone  
  18  1:23  Drone  
  18  1:25  Hatchery  
  19  1:35  Spawning Pool  
  19  1:36  Extractor  
  17  2:01  Drone  
  17  2:02  Drone x2  
  20  2:10  Drone  
  21  2:22  Queen x2  
  23  2:23  Overlord  
  23  2:25  Overlord  
  25  2:36  Evolution Chamber  
  24  2:37  Roach Warren  
  24  2:39  Drone x2  
  24  2:40  Evolution Chamber  
  24  2:46  Metabolic Boost  
  24  2:49  Drone  
  25  2:52  Drone  
  25  2:56  Drone  
  27  2:59  Drone  
  28  3:11  Drone x2  
  28  3:12  Drone x2  
  32  3:20  Extractor  
  32  3:21  Overlord  
  32  3:24  Zergling x2  
  32  3:34  Queen  
  32  3:37  Drone x2  
  38  3:44  Drone x3  
  41  3:53  Lair  
  39  3:59  Extractor  
  39  4:00  Drone x5  
  42  4:25  Roach  
  42  4:26  Roach x4  
  41  5:03  Drone x8  
  49  5:07  Zerg Missile Weapons Level 1  
  49  5:16  Glial Reconstitution  
  50  5:21  Drone x3  
  52  5:29  Overlord x2  
  52  5:30  Overlord  
  52  5:42  Hatchery  
  51  5:44  Zerg Ground Armor Level 1  
  51  5:47  Drone  
  52  6:08  Roach x2  
  52  6:09  Roach x4  
  59  6:37  Roach x8  
  75  6:49  Drone  
  76  7:02  Overlord  
  76  7:03  Overlord x2  
  76  7:08  Hatchery  
  76  7:13  Zergling x2  
  76  7:30  Ravager x2  
  76  7:31  Ravager x5  
  83  7:37  Zergling x2  
  83  7:38  Zergling x12  
  89  7:51  Zergling x2  
  89  7:52  Zergling x2  
  89  7:58  Zergling x2  
  92  8:06  Overlord x2  
  92  8:07  Overlord x3  
  52  8:45  Drone x11  
  48  8:56  Drone x4  
  52  9:03  Hydralisk Den  
  48  9:14  Zergling x2  
  48  9:15  Zergling x16  
  57  9:24  Drone  
  45  9:49  Roach x9  
  45  9:50  Roach x3  
  59  10:07  Zergling x2  
  59  10:08  Zergling x18  
  69  10:21  Drone x3  
  77  10:42  Drone x5  
  77  10:43  Drone x6  
  82  10:56  Drone x6  
  86  11:14  Drone  
  86  11:15  Hydralisk x6  
  86  11:17  Drone  
  100  11:19  Muscular Augments  
  99  11:30  Drone  
  99  11:31  Hydralisk  
  99  11:32  Hydralisk x3  
  104  11:35  Hydralisk  
  109  12:01  Hydralisk x2  
  109  12:02  Hydralisk x6  
  123  12:13  Hydralisk  
  123  12:14  Hydralisk x2  
  126  12:18  Overlord x2  
  126  12:19  Overlord x2  
  126  12:30  Grooved Spines  
  126  12:32  Drone  
  126  12:34  Hydralisk x5  
  89  13:09  Hydralisk  
  89  13:10  Hydralisk x11  
  18  14:16  Zergling x16  
Show
View Real Time Build Order
Export as new Build Order

smeagal Protoss - Winner!

Build Orders: 1 Gate Expand 

Get SALT Encoding   

  1  0:00  Probe  
  12  0:05  Probe  
  14  0:15  Probe  
  15  0:23  Pylon  
  15  0:31  Assimilator  
  15  0:41  Probe  
  16  0:45  Gateway  
  16  0:52  Probe  
  17  1:00  Probe  
  17  1:08  Probe  
  19  1:20  Probe  
  20  1:26  Nexus  
  20  1:35  Cybernetics Core  
  20  1:44  Probe  
  21  1:49  Assimilator  
  21  1:55  Gateway  
  21  1:58  Probe  
  22  2:10  Probe, Pylon  
  23  2:16  Pylon  
  23  2:23  Warp Gate  
  23  2:27  Probe  
  24  2:31  Assimilator  
  24  2:33  Adept  
  24  2:35  Probe  
  26  2:41  Probe  
  26  2:43  Probe  
  29  2:54  Probe  
  29  2:57  Twilight Council  
  30  2:58  Probe  
  31  3:06  Adept, Probe  
  31  3:10  Adept, Probe  
  37  3:14  Probe  
  37  3:15  Resonating Glaives  
  38  3:20  Probe  
  38  3:22  Probe  
  40  3:29  Probe  
  40  3:32  Probe  
  43  3:41  Probe  
  43  3:43  Adept x2  
  47  3:50  Probe  
  48  4:01  Probe  
  48  4:02  Pylon  
  49  4:03  Assimilator  
  49  4:08  Probe  
  50  4:17  Pylon  
  50  4:38  Gateway  
  50  4:44  Probe  
  49  4:51  Robotics Facility  
  49  4:52  Robotics Facility  
  45  5:07  Charge, Pylon  
  45  5:11  Adept x2  
  49  5:20  Gateway  
  49  5:21  Gateway x2  
  49  5:22  Gateway  
  49  5:26  Probe  
  50  5:29  Immortal x2  
  50  5:30  Shield Battery x2  
  50  5:32  Shield Battery  
  50  5:35  Adept x3  
  64  5:51  Pylon  
  64  6:10  Immortal x2  
  72  6:13  Probe x2  
  64  6:40  Immortal x2  
  72  6:59  Nexus  
  72  7:01  Zealot x5  
  76  7:02  Zealot x2  
  76  7:07  Pylon  
  76  7:08  Pylon  
  86  7:15  Forge  
  86  7:17  Blink  
  86  7:22  Pylon  
  86  7:25  Stalker  
  86  7:27  Probe  
  89  7:30  Pylon  
  89  7:40  Observer  
  89  7:41  Observer  
  91  7:59  Adept x2  
  91  8:03  Protoss Ground Armor Level 1  
  91  8:05  Pylon  
  95  8:10  Shield Battery  
  95  8:11  Shield Battery  
  95  8:13  Photon Cannon  
  95  8:16  Photon Cannon  
  95  8:17  Assimilator  
  79  8:32  Zealot x4  
  79  8:33  Zealot  
  77  8:47  Probe x2  
  77  8:48  Probe  
  83  8:55  Immortal  
  83  8:59  Probe x2  
  83  9:00  Probe  
  86  9:11  Probe x2  
  86  9:13  Zealot  
  86  9:14  Zealot x4  
  98  9:24  Templar Archives, Probe  
  99  9:40  Probe  
  99  9:41  Probe  
  99  9:44  Probe  
  100  9:49  Protoss Ground Weapons Level 1  
  100  9:51  Assimilator  
  98  9:53  Probe x2  
  98  9:55  Psionic Storm  
  96  10:02  High Templar x5  
  96  10:03  High Templar x2  
  110  10:09  Immortal  
  110  10:10  Immortal  
  110  10:12  Archon x2  
  118  10:14  Probe x2  
  116  10:26  Probe x2  
  116  10:35  Zealot x2  
  116  10:36  Zealot x2  
  116  10:37  Probe  
  116  10:38  Probe  
  126  10:49  Immortal, Adept x2  
  138  10:56  Photon Cannon  
  138  10:57  Zealot  
  140  11:12  Probe, Pylon  
  140  11:13  Pylon  
  140  11:14  Pylon x2  
  140  11:17  Pylon  
  141  11:21  Photon Cannon  
  141  11:23  Shield Battery  
  141  11:24  Pylon  
  141  11:26  Pylon  
  141  11:31  Pylon  
  141  11:32  Protoss Ground Armor Level 2  
  139  11:36  Adept x2  
  139  11:37  Probe  
  144  11:44  High Templar x4  
  152  11:54  Stargate  
  152  11:57  Stargate  
  152  12:00  Stargate  
  148  12:19  Zealot x5  
  148  12:20  Zealot x2  
  160  12:28  Immortal  
  164  12:39  Fleet Beacon  
  150  13:09  Zealot x4  
  150  13:10  Zealot x3  
  138  14:20  Zealot x4  
  138  14:21  Zealot x3  
  152  14:30  Archon  
Tags
 
Add a new tag
Caveats
  • Supply blocks, unpowered buildings, or Contaminate may cause inaccurate times.
  • Supply counts are checked every 10 seconds.